 Dungeon Crawl Stone Soup version 0.31-a0-360-gb3e1d13bf4 (webtiles) character file.

Game seed: 1037688465151353258

10835 Gelion the Mimic (level 11, -7/92 HPs)
             Began as an Octopode Shapeshifter on July 27, 2023.
             Was an Initiate of Trog.
             Killed from afar by an electric eel (14 damage)
             ... with a bolt of electricity
             ... on level 1 of the Lair of Beasts.
             The game lasted 00:21:46 (10617 turns).

Gelion the Mimic (Octopode Shapeshifter)           Turns: 10617, Time: 00:21:47

Health: -7/92      AC:  9    Str: 19    XL:     11   Next: 68%
Magic:  11/11      EV: 15    Int: 12    God:    Trog [......]
Gold:   1051       SH:  0    Dex: 22    Spells: 10/10 levels left

rFire   . . .        g - melded +5 rapier of Laceration {venom, rPois rCorr MP-9 Str+6}
rCold   . . .        (shield currently unavailable)
rNeg    . . .        (helmet currently unavailable)
rPois   .            (no amulet)
rElec   .            j - +6 ring of dexterity
rCorr   .            u - ring of flight
SInv    .            (no ring)
Will    .....        (no ring)
Stlth   ++           (no ring)
HPRegen 0.35/turn    (no ring)
MPRegen 0.12/turn    (no ring)
                     (no ring)

%: no passive effects
@: snake-form, flying
A: constrict, boosted hp, almost no armour, amphibious, 8 rings, large,
(camouflage 1), (gelatinous body 1), (nimble swimmer 1), (tentacles)
a: Begin Untransformation, Renounce Religion


You were on level 1 of the Lair of Beasts.
You worshipped Trog.
Trog was noncommittal.
You were an enormous anaconda.
You visited 3 branches of the dungeon, and saw 11 of its levels.
You also visited: Sewer.

You collected 1294 gold pieces.
You spent 243 gold pieces at shops.

Inventory:

Hand Weapons
 g - the +5 rapier of Laceration (melded) {venom, rPois rCorr MP-9 Str+6}
   (You found it in a sewer)

   Str:       It affects your strength (+6).
   rPois:     It protects you from poison.
   MP:        It affects your magic capacity (-9).
   rCorr:     It protects you from acid and corrosion.
 x - a +5 great sword of freezing
Missiles
 a - 3 throwing nets
Jewellery
 j - a +6 ring of dexterity (left tentacle)
 u - a ring of flight (right tentacle)
Talismans
 b - a beast talisman
 o - a serpent talisman
Wands
 e - a wand of light (19)
 i - a wand of paralysis (17)
 k - a wand of iceblast (9)
 v - a wand of flame (17)
Scrolls
 c - 3 scrolls of vulnerability
 l - a scroll of fog
 m - a scroll of silence
 n - 4 scrolls of teleportation
 t - a scroll of amnesia
Potions
 h - a potion of attraction
 p - 3 potions of mutation
 q - 2 potions of magic
 r - a potion of brilliance


   Skills:
 + Level 8.0 Fighting
 + Level 7.8 Long Blades
 + Level 8.1 Dodging
 + Level 5.4 Unarmed Combat
 * Level 10.0 Shapeshifting


You had 10 spell levels left.
You didn't know any spells.
Your spell library contained the following spells:

 Spells                   Type           Power      Damage    Failure   Level
 Apportation              Tloc           0%         N/A       32%         1
 Necrotise                Necr           0%         1d4       32%         1
 Summon Small Mammal      Summ           0%         N/A       32%         1
 Ozocubu's Armour         Ice            0%         N/A       69%         3
 Leda's Liquefaction      Hex/Erth       0%         N/A       97%         4
 Summon Lightning Spire   Summ/Air       0%         N/A       97%         4
 Lee's Rapid Deconstruct  Erth           0%         3d4*      100%        5
 Leda's Unmaking          Conj/Erth      0%         9d1       100%        6
 Malign Gateway           Summ/Tloc      0%         N/A       100%        7
 Ozocubu's Refrigeration  Ice            0%         4d7       100%        7
 Summon Horrible Things   Summ           0%         N/A       100%        8
 Animate Armour           Summ/Erth      Unusable   N/A       N/A         4

Dungeon Overview and Level Annotations

Branches:
Dungeon (9/15)             Temple (1/1) D:7            Lair (1/5) D:8
  Sewer (visited)
    Orc: D:9-12

Altars:
Ashenzari
Cheibriados
Dithmenos
Elyvilon
Fedhas
Gozag
Hepliaklqana
Kikubaaqudgha
Nemelex Xobeh
Okawaru
Qazlal
Ru
Sif Muna
Trog
Uskayaw
Vehumet
Wu Jian
Xom
Yredelemnul
Zin
The Shining One

Shops:
D:6 (

Annotations:
Lair:1 Grum


Innate Abilities, Weirdness & Mutations

You are an enormous anaconda.
You have a powerful constriction melee attack.
Your maximum health is increased.
Your armour is entirely melded.
You are incapable of wielding weapons or throwing items.
You cannot wear most types of armour.
You are amphibious.
You can wear up to eight rings at the same time.
((Your skin changes colour to match your surroundings (Stealth+).))
((Your rubbery body absorbs attacks. (AC +1, EV +1)))
((You are camouflaged when in or above water. (Stealth+)))
((You have tentacles for arms and can constrict up to eight enemies at once.))


Message History

The wolf bites something.
Grum closely misses you.
The blink frog blinks!
The wolf howls!
You hit the wolf but do no damage. You grab the wolf.
The wolf is heavily wounded.
You constrict the wolf.
You hear a trumpeting!
You hear a bellow!
A wolf comes into view.
The wolf bites you.
The wolf splashes around in the water.
Grum hits you from afar with a +0 halberd!
The wolf bites something but does no damage.
The wolf completely misses you.
You lash the wolf!
The wolf is almost dead.
You constrict the wolf.
An elephant comes into view.
The wolf bites something!
The wolf bites you but does no damage.
Grum hits you from afar with a +0 halberd.
The elephant trumpets!
You hit the wolf.
You kill the wolf!
Trog accepts your kill.
The wolf bites something.
The blink frog blinks!
Grum hits you from afar with a +0 halberd!
* * * LOW HITPOINT WARNING * * *
Your Shapeshifting skill increases to level 10!
The blink frog blinks!
You hear a splashing noise.
As you read the scroll of teleportation, it crumbles to dust.
You feel strangely unstable. The blink frog misses you.
The elephant completely misses you. The elephant barely misses you.
Grum completely misses you. The blink frog hits you!
* * * LOW HITPOINT WARNING * * *
The blink frog barely misses you.
Your surroundings suddenly seem different.
Found 26 gold pieces.
Found a stone staircase leading down.
The blink frog blinks! x2
The electric eel shoots out a bolt of lightning at you!
The bolt of electricity hits you!
You die...

.. .. .# .# # .####
.. #. >..# ...
P##..##..# #..
.......S.#.###.#.#
...~.............#
..~~♣♣♣~....####.##
..≈ F≈≈≈..#.##..# ♣
...~♣..Y.Y..# #
.....≈≈...##Y# #
....Phh♣≈S.##F# #
....§....≈≈.##.# #
.........h≈~.##.#
####


You could see an elephant, a blink frog, 2 wolves and an electric eel.

Vanquished Creatures
  Erica (D:9)
  2 two-headed ogres (D:9)
  A black mamba (Lair:1)
  Maggie (D:6)
  Prince Ribbit (D:6)
  5 blink frogs (Lair:1)
  9 yaks
  3 wyverns (D:8)
  A basilisk (D:8)
  Eustachio (D:4)
  2 steam dragons (D:8)
  4 water moccasins (D:8)
  Pargi (Sewer)
  2 orc warriors
  An ice beast (D:6)
  3 black bears (D:6)
  3 sky beasts
  2 centaurs (D:9)
  4 ogres (D:6)
  4 wolves (Lair:1)
  2 kobold brigands
  5 bullfrogs
  3 gnoll sergeants
  2 scorpions (D:5)
  8 wights
  6 killer bees (D:5)
  5 howler monkeys
  8 hounds
  5 orc priests
  A gnoll bouda (D:6)
  3 jellies
  2 sleepcaps (D:6)
  5 iguanas
  7 orc wizards
  Robin (D:3)
  19 gnolls
  A river rat (D:3)
  16 adders
  3 white imps
  3 worms
  14 orcs
  4 ball pythons
  6 bats
  2 endoplasms
  3 giant cockroaches
  13 hobgoblins
  4 jackals (D:3)
  15 kobolds
  4 quokkas (D:1)
  A frilled lizard (D:3)
  12 goblins
  6 rats
240 creatures vanquished.

Notes
Turn   | Place    | Note
-------+----------+-------------------------------------------
     0 | D:1      | Gelion the Octopode Shapeshifter began the quest for the
                  | Orb.
     0 | D:1      | Reached XP level 1. HP: 13/13 MP: 1/1
    84 | D:1      | Reached XP level 2. HP: 18/18 MP: 2/2
   564 | D:1      | Identified 2 scrolls of acquirement
   564 | D:1      | Acquired a +6 ring of dexterity
   566 | D:1      | Acquired 627 gold pieces
   600 | D:2      | Reached XP level 3. HP: 23/23 MP: 3/3
   705 | D:2      | Reached skill level 1 in Long Blades
   912 | D:2      | Reached XP level 4. HP: 26/29 MP: 4/4
  1137 | D:2      | Found a snail-covered altar of Cheibriados.
  1254 | D:3      | Found an iron altar of Okawaru.
  1623 | D:3      | Found a glowing drain.
  1627 | D:3      | Reached XP level 5. HP: 32/34 MP: 5/5
  1639 | Sewer    | Entered a sewer
  1666 | Sewer    | Noticed a kobold brigand
  1671 | Sewer    | Killed a kobold brigand
  1672 | Sewer    | Reached skill level 4 in Shapeshifting
  1706 | Sewer    | Noticed Pargi
  1750 | Sewer    | Killed Pargi
  1751 | Sewer    | Reached XP level 6. HP: 12/41 MP: 6/6
  1894 | Sewer    | Identified the +5 rapier of Laceration {venom, rPois rCorr
                  | MP-9 Str+6}
  1969 | D:3      | Found a radiant altar of Vehumet.
  2084 | D:3      | Found a faded altar of an unknown god.
  2084 | D:3      | Noticed Robin
  2098 | D:3      | Killed Robin
  2676 | D:4      | Noticed Eustachio
  2726 | D:4      | Killed Eustachio
  2727 | D:4      | Reached XP level 7. HP: 27/46 MP: 0/7
  2854 | D:4      | Noticed a +0 short sword
  2857 | D:4      | Noticed a +0 dagger
  2857 | D:4      | Noticed a +0 dagger
  2857 | D:4      | Noticed a +0 falchion
  2857 | D:4      | Noticed a +0 short sword
  2857 | D:4      | Noticed a +0 spear
  2920 | D:4      | Reached skill level 5 in Shapeshifting
  3168 | D:4      | Found a hide-covered altar of Uskayaw.
  3168 | D:4      | Noticed a +0 falchion
  3169 | D:4      | Noticed a +0 spear
  3280 | D:5      | Entered Level 5 of the Dungeon
  3365 | D:5      | Reached XP level 8. HP: 35/54 MP: 0/8
  3518 | D:5      | Found a stormy altar of Qazlal.
  3738 | D:5      | You fall into a shaft and drop 1 floor!
  4088 | D:5      | Reached skill level 6 in Shapeshifting
  4350 | D:6      | Found Astaboju's Antique Weapon Boutique.
  4430 | D:6      | Bought an ivory rapier for 243 gold pieces
  4430 | D:6      | Identified the +1 rapier of Hacking and Slashing {freeze,
                  | Dex+3 SInv} (You bought it in a shop on level 6 of the
                  | Dungeon)
  4658 | D:6      | Reached skill level 5 in Dodging
  4769 | D:6      | Noticed Maggie
  4769 | D:6      | Noticed a yak
  4769 | D:6      | Noticed a yak
  4769 | D:6      | Noticed a yak
  4794 | D:6      | Killed Maggie
  4795 | D:6      | Reached skill level 5 in Fighting
  4795 | D:6      | Reached XP level 9. HP: 61/61 MP: 0/9
  4846 | D:6      | Reached skill level 5 in Long Blades
  4916 | D:6      | Reached skill level 7 in Shapeshifting
  4925 | D:6      | HP: 3/61 [yak (17)]
  5460 | D:6      | Noticed Prince Ribbit
  5468 | D:6      | Killed Prince Ribbit
  5682 | D:6      | Reached XP level 10. HP: 68/68 MP: 1/10
  5698 | D:6      | Reached skill level 8 in Shapeshifting
  6301 | D:7      | Found an ornate altar of the Wu Jian Council.
  6650 | D:7      | Found a staircase to the Ecumenical Temple.
  6660 | Temple   | Entered the Ecumenical Temple
  7041 | D:8      | HP: 1/71 [wight/+0 battleaxe (9)]
  7387 | D:8      | Found a staircase to the Lair.
  7769 | D:8      | Reached skill level 9 in Shapeshifting
  8016 | D:8      | Reached XP level 11. HP: 73/75 MP: 11/11
  8407 | D:9      | Identified the +2 pair of gloves of Qabeawk {Int+3}
  8464 | D:9      | Noticed Erica
  8752 | D:9      | Killed Erica
  9337 | D:9      | Found a snail-covered altar of Cheibriados.
  9576 | D:9      | Found a glowing golden altar of the Shining One.
  9594 | D:9      | Noticed a two-headed ogre
  9599 | D:9      | Killed a two-headed ogre
  9789 | D:9      | Found a bloodstained altar of Trog.
  9795 | D:9      | Became a worshipper of Trog the Wrathful
 10023 | D:9      | Noticed a two-headed ogre
 10031 | D:9      | Killed a two-headed ogre
 10032 | D:9      | Reached skill level 5 in Unarmed Combat
 10211 | Lair:1   | Entered Level 1 of the Lair of Beasts
 10595 | Lair:1   | Noticed Grum
 10607 | Lair:1   | Reached skill level 10 in Shapeshifting
 10617 | Lair:1   | Killed from afar by an electric eel

Illustrated notes

Levels and vault maps discovered:
D:1:      ncdulo_watergridlock, layout_loops_cross, minmay_small_reverse_x
D:2:      layout_basic, basic_altar, kennysheep_minor_cross
D:3:      kennysheep_big_flooded_room, layout_loops_corners,
          lemuel_doored_altar, kennysheep_okawaru_gauntlet,
          hellmonk_ecumenical_altar_pennies_from_heaven, portal_sewer_entry_b,
          uniq_robin
D:4:      layout_rooms, nicolae_uskayaw_en_pointe, uniq_eustachio
D:5:      layout_basic, mainiacjoe_overflow_surrounded_room
D:6:      minmay_octagon_keep, layout_loops_corners, serial_shops,
          nicolae_inconvenience_store, uniq_prince_ribbit1, uniq_maggie
D:7:      layout_basic, mainiacjoe_overflow_24_doors,
          minmay_temple_entry_statues_pillars
D:8:      layout_rooms, minmay_lair_entry_grove
D:9:      layout_loops_corners, slow_altar_1, mainiacjoe_overflow_two_lobes,
          minmay_misc_feat_more_columns, uniq_erica
Temple:   cyrus_circular_temple
Lair:1:   dreamdust_isle_of_ice, layout_loops_ring, nicolae_lair_grazing_beasts
          [nicolae_sub_lair_graze_edge, nicolae_sub_lair_graze_edge,
          nicolae_sub_lair_graze_edge, nicolae_sub_lair_graze_edge], uniq_sonja,
          uniq_joseph, uniq_grum

Skill      XL: |  1  2  3  4  5  6  7  8  9 10 11 |
---------------+----------------------------------+-----
Long Blades    | 1 2 3 4 5 7 |  7.8
Fighting       | 2 3 5 6 7 8 |  8.0
Dodging        | 3 4 5 6 7 8 |  8.1
Shapeshifting  | 4 5 6 7 9 10 | 10.0
Unarmed Combat | 4 5 |  5.4

Action                     |  1- 3 |  4- 6 |  7- 9 | 10-12 || total
---------------------------+-------+-------+-------+-------++-------
  Melee: Unarmed           |     7 |       |       |   317 ||   324
         Constrict         |    15 |    28 |    21 |    94 ||   158
         Short sword       |    50 |    94 |       |       ||   144
         Tentacles         |     8 |    24 |    35 |     5 ||    72
         Punch             |     2 |     5 |     2 |     1 ||    10
         Rapier            |       |    31 |   129 |    24 ||   184
    Use: Scroll            |     3 |     7 |     4 |    10 ||    24
         Potion            |       |     4 |     6 |     2 ||    12
   Stab: Sleeping          |     3 |     5 |     6 |     2 ||    16
         Distracted        |       |       |     1 |     1 ||     2
 Armour: Skin              |     7 |    82 |     6 |    76 ||   171
  Dodge: Dodged            |    48 |    89 |   104 |   252 ||   493
   Form: Anaconda          |       |       |       |     1 ||     1

Table legend: (Time is in decaauts)
 A = Elapsed time spent in this place.
 B = Non-inter-level travel time spent in this place.
 C = Inter-level travel time spent in this place.
 D = Time resting spent in this place.
 E = Time spent auto-exploring this place.
 F = Levels seen in this place.
 G = Mean time per level.
                   A        B        C        D        E       F      G
               +--------+--------+--------+--------+--------+-----+--------+
         Total |  10614 |   9942 |    672 |    658 |   7517 |  12 |  884.5 |
       Dungeon |   9919 |   9261 |    658 |    658 |   7010 |   9 | 1102.1 |
        Temple |     15 |      2 |     13 |      0 |      0 |   1 |   15.0 |
          Lair |    400 |    400 |      0 |      0 |    309 |   1 |  400.0 |
         Sewer |    277 |    277 |      0 |      0 |    198 |   1 |  277.0 |
               +--------+--------+--------+--------+--------+-----+--------+

Top non-repeatable levels by time:
     D:9: 1792 daAuts
     D:6: 1592 daAuts
     D:7: 1353 daAuts
     D:3: 1189 daAuts
     D:5: 1090 daAuts
     D:8: 1089 daAuts
     D:2: 639 daAuts
     D:1: 589 daAuts
     D:4: 581 daAuts
  Lair:1: 400 daAuts
   Sewer: 277 daAuts
  Temple: 15 daAuts
